NYP
LOS ANGELES (NYP) DODGERS @ TRI-CITY DUST DEVILS
07/13/2047
 
TOP OF THE 1ST
Los Angeles (NYP) Dodgers batting - Pitching for Tri-City Dust Devils : RHP Tristan Vollmer
Pitching: RHP Tristan Vollmer
Batting: RHB Theo Schepers 0-0: Ball
1-0: Called Strike
1-1: Swinging Strike
1-2: Fly out, F8 (Flyball, 8LM, EV 81.9 MPH)
Batting: RHB Kekoa Kahele 0-0: Foul Ball, location: 2F
0-1: Swinging Strike
0-2: Foul Ball, location: 2F
0-2: Ball
1-2: Strikes out swinging
Batting: LHB Chris Buchan 0-0: Called Strike
0-1: Swinging Strike
0-2: Ball
1-2: Foul Ball, location: 2F
1-2: Strikes out swinging
Top of the 1st over - 0 runs, 0 hits, 0 errors, 0 left on base; Los Angeles (NYP) 0 - Tri-City 0
BOTTOM OF THE 1ST
Tri-City Dust Devils batting - Pitching for Los Angeles (NYP) Dodgers : RHP Josh Weiser
Pitching: RHP Josh Weiser
Batting: RHB Adrian Cook 0-0: Called Strike
0-1: Ball
1-1: Swinging Strike
1-2: Ball
2-2: Foul Ball, location: 2F
2-2: Ball
3-2: Strikes out swinging
Batting: LHB Erik Beezley 0-0: Ball
1-0: Ball
2-0: Ball
3-0: Called Strike
3-1: Foul Ball, location: 2F
3-2: Base on Balls
Batting: RHB Eric McMillian 0-0: Foul Ball, location: 2F
0-1: Foul Ball, location: 2F
0-2: Ground out 4-3 (Groundball, 34S, EV 79.4 MPH)
Erik Beezley to second
Batting: RHB Mike MacLeod 0-0: Foul Ball, location: 2F
0-1: Swinging Strike
0-2: Ball
1-2: Ball
Balk!
Erik Beezley to third
2-2: Strikes out swinging
Bottom of the 1st over - 0 runs, 0 hits, 0 errors, 1 left on base; Los Angeles (NYP) 0 - Tri-City 0
TOP OF THE 2ND
Los Angeles (NYP) Dodgers batting - Pitching for Tri-City Dust Devils : RHP Tristan Vollmer
Batting: RHB Javier Solis 0-0: DOUBLE (Flyball, 8RXD, EV 105.0 MPH)
Batting: RHB Manny Mendoza 0-0: Ball
1-0: Ball
2-0: Called Strike
2-1: Ground out 1-3 (Groundball, 15S, EV 64.4 MPH)
Batting: LHB Fernão Manta 0-0: Ball
1-0: Called Strike
1-1: DOUBLE (Flyball, 8RXD, EV 90.6 MPH)
Javier Solis scores
Batting: LHB Bobby Gambrell 0-0: Ball
1-0: Foul Ball, location: 2F
Balk!
Fernão Manta to third
1-1: Ball
2-1: Called Strike
2-2: Strikes out swinging
Batting: RHB Juan Gallegos Balk!
Fernão Manta scores
0-0: SINGLE (Groundball, 6MD, EV 103.1 MPH)
Batting: LHB Jim Jardine 0-0: Foul Ball, location: 2F
0-1: Ball
1-1: Called Strike
1-2: Fly out, F8 (Flyball, 8RS, EV 80.0 MPH)
Top of the 2nd over - 2 runs, 3 hits, 0 errors, 1 left on base; Los Angeles (NYP) 2 - Tri-City 0
BOTTOM OF THE 2ND
Tri-City Dust Devils batting - Pitching for Los Angeles (NYP) Dodgers : RHP Josh Weiser
Batting: LHB David McNair 0-0: Ball
1-0: Fly out, F9 (Flyball, 9D, EV 103.1 MPH)
Batting: LHB Tony Contreras 0-0: DOUBLE (Flyball, 8LXD, EV 95.6 MPH)
Batting: RHB Ricardo Ortiz 0-0: Ball
1-0: Foul Ball, location: 2F
1-1: Ball
2-1: Foul Ball, location: 2F
2-2: Ball
3-2: Ground out 1-3 (Groundball, 13, EV 66.2 MPH)
Tony Contreras to third
Batting: RHB Max Stillo 0-0: Ball
1-0: Foul Ball, location: 2F
1-1: Foul Ball, location: 2F
1-2: Strikes out swinging
Bottom of the 2nd over - 0 runs, 1 hit, 0 errors, 1 left on base; Los Angeles (NYP) 2 - Tri-City 0
TOP OF THE 3RD
Los Angeles (NYP) Dodgers batting - Pitching for Tri-City Dust Devils : RHP Tristan Vollmer
Batting: RHB Theo Schepers 0-0: Called Strike
0-1: Foul Ball, location: 2F
0-2: Strikes out looking
Batting: RHB Kekoa Kahele 0-0: Called Strike
0-1: Foul Ball, location: 2F
0-2: Strikes out swinging
Batting: LHB Chris Buchan 0-0: Ball
1-0: Foul Ball, location: 2F
1-1: Ball
2-1: Foul Ball, location: 2F
2-2: Ball
3-2: Foul Ball, location: 2F
3-2: Strikes out looking
Top of the 3rd over - 0 runs, 0 hits, 0 errors, 0 left on base; Los Angeles (NYP) 2 - Tri-City 0
BOTTOM OF THE 3RD
Tri-City Dust Devils batting - Pitching for Los Angeles (NYP) Dodgers : RHP Josh Weiser
Batting: RHB Brian Klinkner 0-0: Called Strike
0-1: Ball
1-1: Swinging Strike
1-2: Foul Ball, location: 2F
1-2: Foul Ball, location: 2F
1-2: Strikes out swinging
Batting: RHB Adrian Cook 0-0: Ball
1-0: Called Strike
1-1: Ball
2-1: Ball
3-1: Ground out 5-3 (Groundball, 56S, EV 80.6 MPH)
Batting: LHB Erik Beezley 0-0: Ball
1-0: SINGLE (Line Drive, 78M, EV 110.0 MPH)
Batting: RHB Eric McMillian 0-0: Called Strike
Erik Beezley steals 2nd base
0-1: Ball
1-1: Ground out 1-3 (Groundball, P, EV 68.1 MPH)
Bottom of the 3rd over - 0 runs, 1 hit, 0 errors, 1 left on base; Los Angeles (NYP) 2 - Tri-City 0
TOP OF THE 4TH
Los Angeles (NYP) Dodgers batting - Pitching for Tri-City Dust Devils : RHP Tristan Vollmer
Batting: RHB Javier Solis 0-0: Called Strike
0-1: Ball
1-1: Foul Ball, location: 2F
1-2: Strikes out looking
Batting: RHB Manny Mendoza 0-0: Ball
1-0: Ball
2-0: SOLO HOME RUN (Flyball, 7LD, EV 92.5 MPH), Distance : 354 ft
Batting: LHB Fernão Manta 0-0: Ball
1-0: Foul Ball, location: 2F
1-1: Ground out U3 (Groundball, 3L, EV 85.0 MPH)
Batting: LHB Bobby Gambrell 0-0: Ground out 4-3 (Groundball, 4, EV 90.6 MPH)
Top of the 4th over - 1 run, 1 hit, 0 errors, 0 left on base; Los Angeles (NYP) 3 - Tri-City 0
BOTTOM OF THE 4TH
Tri-City Dust Devils batting - Pitching for Los Angeles (NYP) Dodgers : RHP Josh Weiser
Batting: RHB Mike MacLeod 0-0: Called Strike
0-1: Ball
1-1: Swinging Strike
1-2: Strikes out swinging
Batting: LHB David McNair 0-0: Ball
1-0: Swinging Strike
1-1: Ball
2-1: Swinging Strike
2-2: Ball
3-2: Strikes out swinging
Batting: LHB Tony Contreras 0-0: Ball
1-0: Ground out 4-3 (Groundball, 4, EV 104.4 MPH)
Bottom of the 4th over - 0 runs, 0 hits, 0 errors, 0 left on base; Los Angeles (NYP) 3 - Tri-City 0
TOP OF THE 5TH
Los Angeles (NYP) Dodgers batting - Pitching for Tri-City Dust Devils : RHP Tristan Vollmer
Batting: RHB Juan Gallegos 0-0: Ball
1-0: Called Strike
1-1: DOUBLE (Line Drive, 7LD, EV 100.6 MPH)
Batting: LHB Jim Jardine 0-0: Foul Ball, location: 2F
0-1: Swinging Strike
0-2: Strikes out looking
Batting: RHB Theo Schepers 0-0: Ball
1-0: Ball
2-0: Ground out 5-3 (Groundball, 5, EV 88.1 MPH)
Batting: RHB Kekoa Kahele 0-0: Foul Ball, location: 2F
0-1: Called Strike
0-2: Ball
1-2: Ball
2-2: Ball
3-2: Foul Ball, location: 2F
3-2: Strikes out swinging
Top of the 5th over - 0 runs, 1 hit, 0 errors, 1 left on base; Los Angeles (NYP) 3 - Tri-City 0
BOTTOM OF THE 5TH
Tri-City Dust Devils batting - Pitching for Los Angeles (NYP) Dodgers : RHP Josh Weiser
Batting: RHB Ricardo Ortiz 0-0: Ball
1-0: Called Strike
1-1: Ball
2-1: SINGLE (Groundball, 34D, EV 102.5 MPH)
Batting: RHB Max Stillo 0-0: Called Strike
0-1: Called Strike
0-2: Ball
1-2: Strikes out looking
Batting: RHB Brian Klinkner 0-0: Called Strike
0-1: Ball
1-1: Swinging Strike
1-2: Ball
2-2: Ball
3-2: Foul Ball, location: 2F
3-2: Strikes out looking
Batting: RHB Adrian Cook 0-0: Ball
1-0: Swinging Strike
1-1: Ball
Ricardo Ortiz is caught stealing 2nd base 2-4
Bottom of the 5th over - 0 runs, 1 hit, 0 errors, 0 left on base; Los Angeles (NYP) 3 - Tri-City 0
TOP OF THE 6TH
Los Angeles (NYP) Dodgers batting - Pitching for Tri-City Dust Devils : RHP Tristan Vollmer
Batting: LHB Chris Buchan 0-0: Swinging Strike
0-1: Ball
1-1: Swinging Strike
1-2: SINGLE (Flyball, 78S, EV 96.9 MPH)
Batting: RHB Javier Solis 0-0: Called Strike
0-1: Ball
1-1: Foul Ball, location: 2F
1-2: Strikes out swinging
Batting: RHB Manny Mendoza 0-0: DOUBLE (Line Drive, 89M, EV 102.5 MPH)
Chris Buchan to third
Runner from 3rd tries for Home, SAFE, no throw by RF
Batting: LHB Fernão Manta 0-0: Ball
1-0: Called Strike
1-1: Foul Ball, location: 2F
1-2: Ball
Wild Pitch!
Manny Mendoza to third
2-2: SINGLE (Line Drive, 5D, EV 100.0 MPH)
Manny Mendoza scores
Pitching: RHP Manny Bailon
Batting: LHB Bobby Gambrell 0-0: Ball
1-0: Ball
2-0: Reached on error, E2 (Groundball, 2L, EV 71.9 MPH)
Fernão Manta to second
Batting: RHB Juan Gallegos 0-0: Grounds into double play, 4-6-3 (Groundball, 4, EV 86.9 MPH)
Top of the 6th over - 2 runs, 3 hits, 1 error, 1 left on base; Los Angeles (NYP) 5 - Tri-City 0
BOTTOM OF THE 6TH
Tri-City Dust Devils batting - Pitching for Los Angeles (NYP) Dodgers : RHP Josh Weiser
Batting: RHB Adrian Cook 0-0: Ball
1-0: Swinging Strike
1-1: Fly out, F8 (Flyball, 8LD, EV 85.0 MPH)
Batting: LHB Erik Beezley 0-0: Foul Ball, location: 2F
0-1: Called Strike
0-2: Ball
1-2: Strikes out swinging
Batting: RHB Eric McMillian 0-0: Called Strike
0-1: Ball
1-1: Foul Ball, location: 2F
1-2: Ground out 4-3 (Groundball, 4, EV 111.9 MPH)
Bottom of the 6th over - 0 runs, 0 hits, 0 errors, 0 left on base; Los Angeles (NYP) 5 - Tri-City 0
TOP OF THE 7TH
Los Angeles (NYP) Dodgers batting - Pitching for Tri-City Dust Devils : RHP Manny Bailon
Batting: LHB Jim Jardine 0-0: Foul Ball, location: 2F
0-1: Ground out 5-3 (Groundball, 56, EV 84.4 MPH)
Batting: RHB Theo Schepers 0-0: Foul Ball, location: 2F
0-1: Foul Ball, location: 2F
0-2: Foul Ball, location: 2F
0-2: Ball
1-2: Ground out 6-3 (Groundball, 6, EV 100.0 MPH)
Batting: RHB Kekoa Kahele 0-0: Ball
1-0: Called Strike
1-1: Ball
2-1: Swinging Strike
2-2: Ball
3-2: Strikes out swinging
Top of the 7th over - 0 runs, 0 hits, 0 errors, 0 left on base; Los Angeles (NYP) 5 - Tri-City 0
BOTTOM OF THE 7TH
Tri-City Dust Devils batting - Pitching for Los Angeles (NYP) Dodgers : RHP Josh Weiser
Batting: RHB Mike MacLeod 0-0: Called Strike
0-1: Ball
1-1: Ball
2-1: Ball
3-1: Called Strike
3-2: Foul Ball, location: 2F
3-2: SINGLE (Line Drive, 6MD, EV 95.6 MPH)
Pitching: RHP Jose Sandoval
Batting: LHB David McNair 0-0: Ball
1-0: Called Strike
1-1: Called Strike
1-2: Foul Ball, location: 2F
1-2: Fielders Choice at 2nd, 6-4 (Groundball, 6, EV 105.0 MPH)
Batting: LHB Tony Contreras 0-0: Called Strike
0-1: Called Strike
0-2: Fly out, F8 (Flyball, 8LM, EV 93.1 MPH)
Batting: RHB Ricardo Ortiz 0-0: Ball
1-0: SINGLE (Flyball, 4MD, EV 89.4 MPH)
David McNair to second
Batting: RHB Max Stillo 0-0: Ball
1-0: Foul Ball, location: 2F
1-1: Ball
2-1: Ball
3-1: Foul Ball, location: 2F
3-2: Strikes out looking
Bottom of the 7th over - 0 runs, 2 hits, 0 errors, 2 left on base; Los Angeles (NYP) 5 - Tri-City 0
TOP OF THE 8TH
Los Angeles (NYP) Dodgers batting - Pitching for Tri-City Dust Devils : RHP Manny Bailon
Batting: LHB Chris Buchan 0-0: Ball
1-0: SINGLE (Groundball, 4, EV 96.9 MPH) (infield hit)
Batting: RHB Javier Solis 0-0: Ball
1-0: Foul Ball, location: 2F
1-1: Foul Ball, location: 2F
1-2: Ball
2-2: Ball
3-2: Foul Ball, location: 2F
3-2: Strikes out swinging
Batting: RHB Manny Mendoza 0-0: Ball
1-0: Called Strike
1-1: Foul Ball, location: 2F
1-2: Foul Ball, location: 2F
1-2: Strikes out swinging
Batting: LHB Fernão Manta 0-0: Foul Ball, location: 2F
0-1: Ball
1-1: Ball
2-1: Ground out 4-3 (Groundball, 4, EV 79.4 MPH)
Top of the 8th over - 0 runs, 1 hit, 0 errors, 1 left on base; Los Angeles (NYP) 5 - Tri-City 0
BOTTOM OF THE 8TH
Tri-City Dust Devils batting - Pitching for Los Angeles (NYP) Dodgers : RHP Jose Sandoval
Batting: RHB Brian Klinkner 0-0: Ball
1-0: Called Strike
1-1: Swinging Strike
1-2: Ball
2-2: SOLO HOME RUN (Flyball, 78XD, EV 97.5 MPH), Distance : 399 ft
Batting: RHB Adrian Cook 0-0: Called Strike
0-1: Ball
1-1: Called Strike
1-2: Ball
2-2: Ball
3-2: Foul Ball, location: 2F
3-2: Ground out 5-3 (Groundball, 5, EV 100.0 MPH)
Batting: LHB Erik Beezley 0-0: Ball
1-0: Called Strike
1-1: Foul Ball, location: 2F
1-2: Foul Ball, location: 2F
1-2: Ball
2-2: SINGLE (Groundball, 4MD, EV 95.6 MPH)
Batting: RHB Eric McMillian 0-0: Called Strike
0-1: 2-RUN HOME RUN (Line Drive, 89XD, EV 99.4 MPH), Distance : 392 ft
Pitching: RHP Chris Rodgers
Batting: RHB Mike MacLeod 0-0: Called Strike
0-1: Foul Ball, location: 2F
0-2: Ball
1-2: Ball
2-2: Foul Ball, location: 2F
2-2: Strikes out swinging
Batting: LHB David McNair 0-0: Called Strike
0-1: Swinging Strike
0-2: Strikes out swinging
Bottom of the 8th over - 3 runs, 3 hits, 0 errors, 0 left on base; Los Angeles (NYP) 5 - Tri-City 3
TOP OF THE 9TH
Los Angeles (NYP) Dodgers batting - Pitching for Tri-City Dust Devils : RHP Manny Bailon
Pitching: RHP Wayne Kerrick
Batting: LHB Bobby Gambrell 0-0: Ball
1-0: Ball
2-0: Foul Ball, location: 2F
2-1: Foul Ball, location: 2F
2-2: Ball
3-2: Ground out 4-3 (Groundball, 4, EV 101.2 MPH)
Batting: RHB Juan Gallegos 0-0: Swinging Strike
0-1: Ground out U3 (Groundball, 13, EV 85.6 MPH)
Batting: LHB Jim Jardine 0-0: Swinging Strike
0-1: Called Strike
0-2: Strikes out swinging
Top of the 9th over - 0 runs, 0 hits, 0 errors, 0 left on base; Los Angeles (NYP) 5 - Tri-City 3
BOTTOM OF THE 9TH
Tri-City Dust Devils batting - Pitching for Los Angeles (NYP) Dodgers : RHP Chris Rodgers
Pitching: LHP Micah Watson
Now in LF: Kekoa Kahele
Now in CF: Ruben Serrata
Batting: LHB Tony Contreras 0-0: Ball
1-0: Called Strike
1-1: Foul Ball, location: 2F
1-2: Strikes out swinging, 2-3 out at first.
Batting: RHB Ricardo Ortiz 0-0: Ground out 6-3 (Groundball, 56, EV 80.0 MPH)
Batting: RHB Max Stillo 0-0: SINGLE (Line Drive, 78S, EV 113.8 MPH)
Batting: RHB Brian Klinkner 0-0: Reached on error, E6 (Groundball, 6, EV 105.6 MPH)
Max Stillo to second
Batting: RHB Adrian Cook 0-0: Fly out, F9 (Flyball, 9, EV 93.1 MPH)
Bottom of the 9th over - 0 runs, 1 hit, 1 error, 2 left on base; Los Angeles (NYP) 5 - Tri-City 3
Thursday, December 15th , 2022 - OOTP Baseball 23.9 Build 102